 Dungeon Crawl Stone Soup version 0.29.1-15-g9cfb28693d (webtiles) character file.

Game seed: 10043388355760443516

7356 growler the Martial Artist (level 11, -9/89 HPs)
             Began as a Merfolk Transmuter on Mar 9, 2023.
             Was a Priest of Wu Jian.
             Mangled by a sun demon (26 damage)
             ... on level 9 of the Dungeon.
             The game lasted 00:26:26 (13771 turns).

growler the Martial Artist (Merfolk Transmuter)    Turns: 13771, Time: 00:26:27

Health: -9/89      AC:  2    Str: 11    XL:     11   Next: 14%
Magic:  15/17      EV: 24    Int: 15    God:    Wu Jian [***...]
Gold:   444        SH:  5    Dex: 21    Spells: 8/18 levels left

rFire   . . .      SeeInvis .     - Unarmed
rCold   . . .      Faith    .   (shield currently unavailable)
rNeg    + . .      Spirit   .   (body armour currently unavailable)
rPois   x          Reflect  +   (helmet currently unavailable)
rElec   .          Harm     .   (cloak currently unavailable)
rCorr   .          Rampage  .   (gloves currently unavailable)
Will    .....                   (boots currently unavailable)
Stlth   +++.......              y - amulet of reflection
HPRegen 0.24/turn               i - ring of positive energy
MPRegen 0.15/turn               (no ring)

@: spider-form (expiring)
A: venomous fangs, tiny, (nimble swimmer 2), (mertail)
a: End Transformation, Renounce Religion, Wall Jump, Serpent's Lash


You were on level 9 of the Dungeon.
You worshipped Wu Jian.
Wu Jian was most pleased with you.
You were a venomous arachnid creature.
You visited 2 branches of the dungeon, and saw 10 of its levels.

You collected 444 gold pieces.

Inventory:

Armour
 a - a +0 robe (melded)
 f - a +0 pair of boots (melded)
 p - a scarf of repulsion
 u - a +0 pair of gloves (melded)
 z - a +0 cloak (melded)
Jewellery
 i - a ring of positive energy (left front leg)
 r - an amulet of magic regeneration
 y - an amulet of reflection (around neck)
 D - an amulet of faith
 M - a +6 ring of strength
Wands
 A - a wand of iceblast (7)
 B - a wand of flame (7)
 E - a wand of digging (3)
 J - a wand of mindburst (18)
Scrolls
 c - 2 scrolls of teleportation
 e - a scroll of immolation {unknown}
 h - a scroll of silence {unknown}
 k - a scroll of poison {unknown}
 l - a scroll of magic mapping
 m - 3 scrolls of vulnerability
 s - a scroll of fear {unknown}
 t - a scroll of enchant weapon {unknown}
 v - a scroll of amnesia {unknown}
 w - a scroll of blinking {unknown}
 C - a scroll of brand weapon {unknown}
 H - 2 scrolls of enchant armour {unknown}
 K - a scroll of torment {unknown}
 L - a scroll of identify
Potions
 b - 2 potions of lignification
 d - a potion of resistance
 g - 5 potions of curing
 j - a potion of flight {unknown}
 n - 2 potions of heal wounds
 o - 2 potions of attraction {unknown}
 q - 3 potions of cancellation {unknown}
 x - a potion of berserk rage {unknown}
 F - a potion of might {unknown}
 G - 13 potions of degeneration
 I - a potion of ambrosia {unknown}


   Skills:
 + Level 9.2 Fighting
 + Level 5.4 Dodging
 + Level 3.9 Stealth
 + Level 13.3 Unarmed Combat
 - Level 4.0 Spellcasting
 - Level 6.0 Transmutations
 - Level 4.0 Ice Magic


You had 8 spell levels left.
You knew the following spells:

 Your Spells              Type           Power      Damage    Failure   Level
a - Beastly Appendage     Tmut           42%        N/A       7%          1
b - Wereblood             Tmut           21%        N/A       9%          2
c - Spider Form           Tmut/Pois      12%        N/A       34%         3
d - Ice Form              Ice/Tmut       18%        N/A       43%         4

Your spell library contained the following spells:

 Spells                   Type           Power      Damage    Failure   Level
 Shock                    Conj/Air       12%        1d3       38%         1
 Slow                     Hex            12%        N/A       38%         1
 Blink                    Tloc           6%         N/A       47%         2
 Confusing Touch          Hex            3%         N/A       69%         3
 Lesser Beckoning         Tloc           3%         N/A       69%         3
 Swiftness                Air            3%         N/A       69%         3
 Vampiric Draining        Necr           3%         2d6       69%         3
 Airstrike                Air            1%         2d(1-17)  96%         4
 Manifold Assault         Tloc           3%         N/A       100%        5


Dungeon Overview and Level Annotations

Branches:
Dungeon (9/15)             Temple (1/1) D:5             Orc (0/2) D:9
   Lair: D:8-11

Altars:
Ashenzari
Cheibriados
Dithmenos
Elyvilon
Fedhas
Gozag
Hepliaklqana
Kikubaaqudgha
Makhleb
Nemelex Xobeh
Okawaru
Qazlal
Ru
Sif Muna
Trog
Vehumet
Wu Jian
Xom
Yredelemnul
Zin
The Shining One

Annotations:
D:6 1 runed translucent door, Crazy Yiuf


Innate Abilities, Weirdness & Mutations

You are a venomous arachnid creature.
You have poisonous fangs.
You are tiny and dextrous.
Your spellcasting is less reliable in this form.
Your armour is entirely melded.
You are incapable of wielding weapons or throwing items.
((You are very nimble when in or above water. (Stealth+, EV+, Speed+++)))
((Your lower body shifts to a powerful aquatic tail in water.))


Message History

Okay, then.
You see here 8 gold pieces.
Casting: Ice Form (dangerous; 22% risk of failure)
Confirm with . or Enter, or press ? or * to list all spells.
You turn into a venomous arachnid creature.
Your +0 cloak melds into your body.
Your +0 pair of gloves melds into your body.
Your +0 pair of boots melds into your body.
Your +0 robe melds into your body.
The quasit gives a chilling moan.
You closely miss the sun demon. You bite the sun demon!
The sun demon is lightly wounded.
The sun demon completely misses you.
You barely miss the sun demon.
The sun demon is lightly wounded.
The sun demon completely misses you.
You bite the sun demon!
The sun demon is moderately wounded.
The sun demon misses you.
You barely miss the sun demon.
The sun demon is moderately wounded.
The sun demon hits you!!
You are engulfed in flames!
You hit the sun demon but do no damage.
The sun demon is moderately wounded.
Your transformation is almost over.
The sun demon barely misses you.
You hit the sun demon.
The sun demon is poisoned.
The sun demon is moderately wounded.
You block the quasit's attack. The quasit completely misses you.
The quasit claws you but does no damage.
The sun demon hits you!!
You are engulfed in flames!
* * * LOW HITPOINT WARNING * * *
You hit the sun demon but do no damage.
The sun demon is moderately wounded.
The quasit bites you.
* * * LOW HITPOINT WARNING * * *
The quasit closely misses you. The quasit barely misses you.
The sun demon hits you!!
You die...

#.# #......8......# .# #.#
#.............#..# #.#
##.............#..#
#.#######.................#
#<........8.....>.....8...#
#.........................#
#).......#.............#..#
#........#...5.........# .#
#.#####..#..s3..8......# #
#........#####.....#####
#.........#.......##
#......P~.♣.......#
#.....P~~~~.......#
#......~~~~.$.....##
#......~~~~...5......
#.......~..P.........
#.......~.♣.....!....


You could see a sun demon (very poisoned) and a quasit.

Vanquished Creatures
  A soul eater (D:9)
  A sun demon (D:8)
  Joseph (D:7)
  2 orange demons (D:9)
  A red devil (D:9)
  A shadow (D:9)
  A wyvern (D:8)
  A chaos spawn (D:9)
  A steam dragon (D:6)
  Duvessa (D:6)
  An orc warrior (D:7)
  A black bear (D:7)
  A hornet zombie (D:7)
  A sky beast (D:7)
  2 ogres
  3 phantoms
  2 kobold brigands
  4 bullfrogs
  Blork the orc (D:4)
  A gnoll sergeant (D:7)
  A wyvern zombie (D:7)
  2 necrophages
  A scorpion (D:6)
  23 wights
  Dowan (D:6)
  6 killer bees
  9 howler monkeys
  7 crimson imps (D:8)
  A centaur zombie (D:7)
  2 jellies (D:6)
  An orc priest (D:5)
  3 hounds
  A human zombie (D:7)
  4 orc wizards
  Natasha (thrice) (D:3)
  3 iguanas
  8 ogre zombies (D:9)
  2 mummies (D:7)
  7 gnolls
  4 adders
  A shadow imp (D:5)
  4 white imps
  An ufetubus (D:6)
  2 worms
  2 dart slugs
  14 orcs
  7 ball pythons
  3 bats
  7 endoplasms
  A giant cockroach (D:2)
  10 goblins
  8 hobgoblins
  20 kobolds
  3 frilled lizards (D:2)
  4 goblin skeletons (D:9)
  4 goblin zombies (D:9)
  3 hobgoblin zombies (D:9)
  13 orc zombies (D:9)
  3 rats
227 creatures vanquished.

Vanquished Creatures (others)
  2 demonic plants (D:9)
2 creatures vanquished.

Grand Total: 229 creatures vanquished

Notes
Turn   | Place    | Note
-------+----------+-------------------------------------------
     0 | D:1      | growler the Merfolk Transmuter began the quest for the Orb.
     0 | D:1      | Reached XP level 1. HP: 15/15 MP: 3/3
    37 | D:1      | Reached XP level 2. HP: 6/21 MP: 5/5
    40 | D:1      | Learned a level 2 spell: Wereblood
  1133 | D:1      | Reached XP level 3. HP: 26/26 MP: 4/6
  1137 | D:1      | Learned a level 3 spell: Spider Form
  1575 | D:2      | Found a shadowy altar of Dithmenos.
  2692 | D:3      | Noticed Natasha
  2704 | D:3      | Killed Natasha
  2705 | D:3      | Reached skill level 4 in Unarmed Combat
  2705 | D:3      | Reached XP level 4. HP: 11/32 MP: 6/8
  3154 | D:3      | Found a faded altar of an unknown god.
  3505 | D:3      | Noticed Natasha
  3515 | D:3      | Killed Natasha
  4287 | D:3      | Noticed Natasha
  4296 | D:3      | Killed Natasha
  4297 | D:3      | Reached XP level 5. HP: 21/37 MP: 9/9
  4304 | D:3      | Learned a level 4 spell: Ice Form
  4461 | D:4      | Found an opulent altar of Gozag.
  4472 | D:4      | Reached skill level 5 in Unarmed Combat
  4747 | D:4      | Noticed an ogre
  4764 | D:4      | Killed an ogre
  4765 | D:4      | Reached XP level 6. HP: 4/43 MP: 10/10
  5133 | D:4      | Noticed Blork the orc
  5143 | D:4      | Killed Blork the orc
  5144 | D:4      | Reached skill level 6 in Unarmed Combat
  5525 | D:4      | Found a white marble altar of Elyvilon.
  5757 | D:5      | Entered Level 5 of the Dungeon
  5879 | D:5      | Found a shimmering blue altar of Sif Muna.
  6029 | D:5      | Reached skill level 7 in Unarmed Combat
  6478 | D:5      | Reached XP level 7. HP: 17/48 MP: 11/11
  6894 | D:5      | Found a staircase to the Ecumenical Temple.
  6906 | Temple   | Entered the Ecumenical Temple
  6945 | Temple   | Became a worshipper of the Wu Jian Council
  7106 | D:6      | Reached skill level 8 in Unarmed Combat
  7518 | D:6      | Reached skill level 9 in Unarmed Combat
  7596 | D:6      | Reached XP level 8. HP: 44/54 MP: 9/12
  7616 | D:6      | Reached skill level 10 in Unarmed Combat
  8012 | D:6      | Reached skill level 1 in Ice Magic
  8250 | D:6      | Noticed Duvessa
  8261 | D:6      | Killed Duvessa
  8261 | D:6      | Noticed Dowan
  8269 | D:6      | Killed Dowan
  8305 | D:6      | Found a runed translucent door.
  8306 | D:6      | Noticed Crazy Yiuf
  8563 | D:6      | Reached skill level 5 in Transmutations
  8625 | D:6      | Found a hazy altar of Hepliaklqana.
  8625 | D:6      | Found a glowing golden altar of the Shining One.
  8820 | D:7      | Noticed Joseph
  8836 | D:7      | Killed Joseph
  8837 | D:7      | Reached XP level 9. HP: 51/64 MP: 11/15
  8992 | D:7      | Reached * piety under Wu Jian
  9688 | D:7      | Found a glowing silver altar of Zin.
  9697 | D:7      | Found an iron altar of Okawaru.
  9725 | D:7      | Reached skill level 11 in Unarmed Combat
 10133 | D:7      | Reached skill level 5 in Fighting
 10159 | D:7      | Found an ancient bone altar of Kikubaaqudgha.
 10180 | D:7      | Reached ** piety under Wu Jian
 11032 | D:7      | Reached XP level 10. HP: 77/77 MP: 8/16
 11544 | D:8      | Reached skill level 12 in Unarmed Combat
 12654 | D:9      | Reached *** piety under Wu Jian
 12916 | D:9      | Reached skill level 1 in Stealth
 13201 | D:9      | Noticed a sun demon
 13218 | D:9      | Noticed a soul eater
 13218 | D:9      | Noticed an orange demon
 13219 | D:9      | Noticed an orange demon
 13236 | D:8      | Killed a sun demon
 13237 | D:8      | Reached skill level 13 in Unarmed Combat
 13424 | D:9      | Killed a soul eater
 13425 | D:9      | Reached XP level 11. HP: 75/89 MP: 15/17
 13490 | D:9      | Reached skill level 5 in Dodging
 13619 | D:9      | Found a staircase to the Orcish Mines.
 13754 | D:9      | Noticed a sun demon
 13771 | D:9      | Mangled by a sun demon

Illustrated notes

Levels and vault maps discovered:
D:1:      minmay_arrival_solitary_statue, layout_basic, minmay_surrounded
D:2:      layout_loops_corners, basic_altar
D:3:      layout_basic, chequers_ecumenical_altar_island, uniq_natasha
D:4:      layout_basic, mainiacjoe_overflow_paths, mainiacjoe_overflow_alcove_4,
          uniq_blork_the_orc
D:5:      wander_river, layout_gridville, nicolae_sif_muna_little_library,
          minmay_temple_entry_proselytizer, st_stairs_13, serial_bayou_pond_e
D:6:      layout_loops_ring, gammafunk_temple_overflow_wave,
          uniq_crazy_yiuf_cottage, uniq_duvessa
D:7:      layout_basic, lemuel_mausoleum_altar_kikubaaqudgha,
          mainiacjoe_overflow_swirl, enter_bailey_7, uniq_joseph
D:8:      layout_loops_ring, minivault_19, minmay_hedge_maze, minmay_nine_imps
D:9:      cheibrodos_fzero, layout_stronghold, zombieorc2_lemuel,
          serial_demonic, serial_demonic_a, serial_demonic_f, serial_demonic_a,
          serial_demonic_c, serial_demonic_b, serial_demonic_d,
          serial_demonic_f, serial_demonic_d, serial_demonic_b, serial_demonic_a
Temple:   nicolae_temple_god_jail

Skill      XL: |  1  2  3  4  5  6  7  8  9 10 11 |
---------------+----------------------------------+-----
Transmutations | 3 4 5 6 |  6.0
Unarmed Combat | 4 5 7 9 10 11 13 | 13.3
Spellcasting   | 3 4 |  4.0
Fighting       | 3 6 9 |  9.2
Ice Magic      | 3 4 |  4.0
Dodging        | 4 5 |  5.4
Stealth        | 3 |  3.9

Action                   |  1- 3 |  4- 6 |  7- 9 | 10-12 || total
-------------------------+-------+-------+-------+-------++-------
Melee: Unarmed           |   141 |   131 |   305 |   291 ||   868
       Headbutt          |     9 |     4 |     3 |       ||    16
       Punch             |     1 |     3 |     6 |     7 ||    17
 Cast: Beastly Appendage |    12 |     6 |     3 |       ||    21
       Spider Form       |       |     5 |    17 |     2 ||    24
       Wereblood         |       |     1 |       |       ||     1
       Ice Form          |       |       |     1 |     9 ||    10
Invok: Lunge             |       |       |    25 |    26 ||    51
       Whirlwind         |       |       |     7 |   124 ||   131
  Use: Scroll            |     4 |     2 |     1 |     1 ||     8
 Stab: Sleeping          |     4 |     1 |     7 |       ||    12
Armor: Robe              |    21 |    10 |    13 |    19 ||    63
       Skin              |       |     1 |     6 |    16 ||    23
Dodge: Dodged            |    68 |    68 |   151 |   129 ||   416
Block: Other             |       |       |    49 |    46 ||    95
       Reflection        |       |       |     1 |       ||     1
